cohdb
Replays
Latest Replays
All Replays
Popular Replays
Top Player Replays
Match Explorer
How It Works
Community
CoH3 Stats
Reddit
Sign in to upload your games and track your stats! →
Sign in with Steam
Match 39949141
Unlisted
Match 39949141
Overview
Messages
Build Orders
End
Pioneer Squad
Selects Terror Battlegroup
Construct Infanterie Kompanie
Selects Machine Gun Camouflage
Grenadier Squad
Grenadier Squad
MG 42 Machine Gun Team
MG 42 Machine Gun Team
Medical Bunker
Infanterie Officer Quarters
Construct Panzergrenadier Kompanie
Pak 40 Anti-tank Gun Team
Grenadier Squad
Support Elements
StuG III G Assault Gun
MG 42 Machine Gun Team
Selects Defend the Fatherland
Defend the Fatherland
Nebelwerfer 42 Rocket Launcher Team
GrW 34 Mortar Team
✠HerrKlingtGut✠
Sturm Arrogant
Survive Style
Genki
0
0
Comments
sign in to comment!
No comments posted yet!